 Dungeon Crawl Stone Soup version 0.30-b1-2-g02819fbbbe (webtiles) character file.

Game seed: 5731281081543085379

131661 naiii the Imperceptible (level 16, 0/88 HPs)
             Began as a Spriggan Enchanter on Dec 12, 2023.
             Was the Champion of Dithmenos.
             Killed from afar by a shock serpent (11 damage)
             ... with a bolt of electricity
             ... on level 4 of the Snake Pit.
             The game lasted 01:38:02 (40689 turns).

naiii the Imperceptible (Spriggan Enchanter)       Turns: 40689, Time: 01:38:03

Health: 0/88       AC:  7    Str:  4    XL:     16   Next: 55%
Magic:  23/23      EV: 44    Int: 19    God:    Dithmenos [******]
Gold:   789        SH:  5    Dex: 19    Spells: 20/20 levels left

rFire   . . .        a - +6 dagger (elec)
rCold   . . .        (no shield)
rNeg    . . .        c - +0 steam dragon scales
rPois   +            (helmet restricted)
rElec   .            P - +1 cloak "Hyrrypte" {rPois Dex-2 Stlth+}
rCorr   .            (gloves unavailable)
SInv    +            (boots unavailable)
Will    ++...        l - amulet of reflection Stlth *********+
                     e - +5 ring of evasion
HPRegen 0.34/turn    m - +5 ring of evasion
MPRegen 0.18/turn

%: reflection
@: wreathed by umbra, very quick
A: very small, no large weapons, unfitting armour, see invisible, speed 3
a: Renounce Religion, Shadow Step, Shadow Form


You were on level 4 of the Snake Pit.
You worshipped Dithmenos.
Dithmenos was exalted by your worship.
You visited 5 branches of the dungeon, and saw 27 of its levels.

You collected 2602 gold pieces.
You spent 1813 gold pieces at shops.

Inventory:

Hand Weapons
 a - a +6 dagger of electrocution (weapon)
 W - the +6 quick blade "Jyent" {freeze, rN++ Str-2}
   (You acquired it on level 2 of the Snake Pit)

   Str:       It affects your strength (-2).
   rN:        It greatly protects you from negative energy.
Armour
 c - +0 steam dragon scales (worn)
 n - an orb of guile
 x - +0 acid dragon scales
 y - a +2 cloak
 E - a +2 robe of cold resistance
 P - the +1 cloak "Hyrrypte" (worn) {rPois Dex-2 Stlth+}
   (You found it on level 12 of the Dungeon)

   Dex:       It affects your dexterity (-2).
   rPois:     It protects you from poison.
   Stlth:     It makes you more stealthy.
 X - +1 storm dragon scales
Jewellery
 e - a +5 ring of evasion (left hand)
 h - a ring of willpower
 l - an amulet of reflection (around neck)
 m - a +5 ring of evasion (right hand)
 v - a ring of positive energy
 G - a +6 ring of strength
 L - a ring of resist corrosion
 M - a ring of poison resistance
 N - the amulet "Efoah" {Acrobat Rampage +Blink rCorr Stlth-}
   (You found it on level 5 of the Lair of Beasts)

   [amulet of the acrobat]

   It increases your evasion while moving and waiting.
   +Blink:    It lets you blink.
   rCorr:     It protects you from acid and corrosion.
   Rampage:   It bestows one free step when moving towards enemies.
   Stlth:     It makes you less stealthy.
 Q - a ring of fire
 S - a ring of positive energy
 Y - a ring of protection from fire
Wands
 b - a wand of roots (12)
 p - a wand of paralysis (7)
 u - a wand of flame (32)
 w - a wand of digging (22)
 I - a wand of mindburst (10)
 K - a wand of quicksilver (6)
Scrolls
 j - 4 scrolls of teleportation
 t - 9 scrolls of identify
 z - 4 scrolls of amnesia
 A - 4 scrolls of fog
 B - 3 scrolls of magic mapping
 C - 3 scrolls of fear
 H - 2 scrolls of butterflies
 O - 4 scrolls of immolation
 U - a scroll of silence
 V - 2 scrolls of brand weapon
Potions
 d - 7 potions of flight
 f - 4 potions of brilliance
 g - 6 potions of haste
 k - 8 potions of curing
 q - 3 potions of degeneration
 r - a potion of berserk rage
 s - 15 potions of ambrosia
 D - a potion of attraction
 F - 4 potions of mutation
 J - 4 potions of lignification
 T - a potion of cancellation
Miscellaneous
 R - a piece from Xom's chessboard (15/15)


   Skills:
 + Level 11.5 Fighting
 + Level 13.6 Short Blades
 - Level 20.0 Dodging
 + Level 24.9 Stealth
 - Level 2.6 Spellcasting
 - Level 3.6 Hexes
 + Level 9.2 Invocations


You had 20 spell levels left.
You didn't know any spells.
Your spell library contained the following spells:

 Spells                   Type           Power      Damage    Failure   Level
 Confusing Touch          Hex            16%        N/A       11%         3
 Tukima's Dance           Hex            16%        N/A       11%         3
 Ensorcelled Hibernation  Hex/Ice        18%        N/A       12%         2
 Kiss of Death            Conj/Necr      8%         2d6       16%         1
 Magic Dart               Conj           8%         1d3       16%         1
 Summon Small Mammal      Summ           8%         N/A       16%         1
 Dazzling Flash           Conj/Hex       18%        N/A       22%         3
 Inner Flame              Hex/Fire       9%         N/A       22%         3
 Summon Guardian Golem    Hex/Summ       9%         N/A       22%         3
 Blink                    Tloc           4%         N/A       24%         2
 Call Imp                 Summ           4%         N/A       24%         2
 Lesser Beckoning         Tloc           4%         N/A       24%         2
 Momentum Strike          Conj/Tloc      4%         3d8       24%         2
 Static Discharge         Conj/Air       4%         2-3/arc   24%         2
 Call Canine Familiar     Summ           2%         N/A       43%         3
 Frozen Ramparts          Ice            4%         1d1       43%         3
 Gell's Gravitas          Tloc           2%         N/A       43%         3
 Mephitic Cloud           Conj/Pois/Air  2%         N/A       43%         3
 Stone Arrow              Conj/Erth      4%         3d7       43%         3
 Teleport Other           Tloc           2%         N/A       43%         3
 Airstrike                Air            1%         2d(1-17)  83%         4
 Animate Armour           Summ/Erth      4%         N/A       83%         4
 Animate Dead             Necr           2%         N/A       83%         4
 Dispel Undead            Necr           2%         3d7       83%         4
 Ice Form                 Ice/Tmut       2%         N/A       83%         4
 Summon Ice Beast         Ice/Summ       2%         N/A       83%         4
 Summon Lightning Spire   Summ/Air       2%         N/A       83%         4
 Yara's Violent Unravell  Hex/Tmut       4%         3d4       91%         5
 Borgnjor's Vile Clutch   Necr/Erth      1%         N/A       99%         5
 Iskenderun's Battlesphe  Conj           2%         2d6       99%         5
 Summon Forest            Summ/Tloc      1%         N/A       99%         5
 Conjure Ball Lightning   Conj/Air       1%         3x3d6     100%        6
 Death Channel            Necr           1%         N/A       100%        6
 Eringya's Noxious Bog    Tmut/Pois      1%         N/A       100%        6
 Iron Shot                Conj/Erth      1%         9d1       100%        6
 Simulacrum               Ice/Necr       1%         N/A       100%        6
 Enfeeble                 Hex            8%         N/A       100%        7
 Ozocubu's Refrigeration  Ice            1%         4d7       100%        7
 Spellforged Servitor     Conj/Summ      1%         N/A       100%        7
 Summon Hydra             Summ           1%         N/A       100%        7
 Discord                  Hex            8%         N/A       100%        8
 Disjunction              Tloc           1%         N/A       100%        8
 Lehudib's Crystal Spear  Conj/Erth      1%         10d2      100%        8
 Polar Vortex             Ice            1%         N/A       100%        9


Dungeon Overview and Level Annotations

Branches:
Dungeon (15/15)            Temple (0/1) D:5            Lair (5/5) D:11
 Shoals (0/4) Lair:3        Snake (4/4) Lair:2        Slime (0/5) Lair:5
    Orc (2/2) D:10            Elf (0/3) Orc:2        Vaults (0/5) D:13
 Depths (1/4) D:15

Altars:
Cheibriados
Dithmenos
Elyvilon
Kikubaaqudgha
Sif Muna
Trog
Uskayaw
Wu Jian
Yredelemnul
Jiyva

Shops:
D:11 =   Orc:2 *:(   Snake:2 **!?

Annotations:
D:4 1 runed translucent door, Crazy Yiuf
D:5 Prince Ribbit
D:6 Menkaure
D:7 Duvessa
D:14 2 transporters, Termiter's ghost, journeyman DsNe
Snake:1 1 transporter
Snake:2 Vashnia


Innate Abilities, Weirdness & Mutations

You are very small and have problems with some larger weapons.
You are too small for most types of armour.
You have supernaturally acute eyesight. (SInv)
You cover ground extremely quickly. (Speed+++)


Message History

Your shadow hits the shock serpent with a dagger.
The naga mage gestures at the naga while chanting.
The naga seems to grow toxic.
The naga closely misses you. The naga completely misses you.
You hit the shock serpent.
The shock serpent is heavily wounded.
The shock serpent misses you.
You barely miss the shock serpent.
The shock serpent is heavily wounded.
The shock serpent bites you. The shock serpent shocks you!
You block the naga's attack. The naga completely misses you.
You hit the shock serpent.
The shock serpent is heavily wounded.
Your shadow hits the shock serpent but does no damage.
The shock serpent closely misses you.
You hit the shock serpent.
The shock serpent is severely wounded.
You block the naga's attack. The naga completely misses you.
You hit the shock serpent.
The shock serpent is severely wounded.
Your shadow hits the shock serpent with a dagger.
The naga mage completely misses you. You block the shock serpent's attack.
You hit the shock serpent.
The shock serpent is severely wounded.
Your shadow closely misses the shock serpent.
The naga mage hits you from afar with a +0 spear.
The shock serpent shoots out a bolt of lightning at you!
The bolt of electricity misses you. The naga hits you with a +0 hand axe!
The naga misses you.
The shock serpent shoots out a bolt of lightning at you!
The bolt of electricity hits you! The naga spits poison at you.
The splash of poison misses you.
The shock serpent shoots out a bolt of lightning at you!
The bolt of electricity hits you!!
* * * LOW HITPOINT WARNING * * *
You emit a cloud of dark smoke.
The shock serpent shoots out a bolt of lightning at you!
The bolt of electricity hits you!
You die...

......# .. #§§§)...#
# ...###.# #§§###..#
# #....#..# . #§§#
#..# #..#....# .#
##S## #..# #..#
#...# ..# #..# ##..#
[.# ##...###.# ##..#
#..## ..###.....#..#
#..## #..#
.###..#.....# ##..#
##..# ####..#....##
#.@## #..##
###..###...# ##..#
##..#
##..####..####..##
#..## ##..#
#..####..## ##..#
#..####.## #...#
##).## ..####..#
##...###...# ..#
#..## #.....##).##
.####..#
##N..)....##
####..####......)..#


You could see a shock serpent and a naga (wandering).

Vanquished Creatures
  Rupert (D:15)
  A nagaraja (Snake:4)
  A frost giant (Depths:1)
  Aizul (Snake:2)
  Louise (D:15)
  A stone giant (Depths:1)
  Nessos (D:15)
  A dire elephant (D:15)
  Erolcha (D:13)
  A salamander tyrant (Snake:4)
  8 hydras
  An ogre mage (D:13)
  2 boulder beetles
  Erica (Lair:1)
  12 anacondas
  2 centaur warriors
  7 two-headed ogres
  The ghost of Vic the Blocker, a novice MiFi (D:8)
  7 naga warriors
  A tengu warrior (D:15)
  10 death yaks
  Urug (D:13)
  2 orc high priests
  5 naga sharpshooters
  9 shock serpents
  2 salamander mystics (Snake:4)
  Lodul (D:13)
  5 naga ritualists
  11 mana vipers
  An orc knight (D:15)
  A wolf spider (D:15)
  An oklob plant (Lair:2)
  7 cyclopes
  A manticore (D:15)
  8 ugly things
  An orc sorcerer (Orc:2)
  A moth of wrath (D:8)
  12 salamanders
  39 black mambas
  14 elephants
  6 naga magi
  2 gargoyles
  Joseph (Lair:1)
  4 guardian serpents
  7 cane toads
  3 rime drakes
  3 kobold demonologists (D:10)
  Maggie (D:9)
  An unseen horror (D:13)
  5 komodo dragons
  A freezing wraith (D:15)
  7 trolls
  A queen bee (Lair:2)
  A wind drake (Lair:3)
  15 polar bears (Lair:5)
  8 blink frogs
  15 slime creatures
  8 wyverns
  A wraith (D:10)
  56 yaks
  A vampire (D:12)
  4 basilisks
  7 vampire mosquitoes (D:14)
  A steam dragon (Lair:2)
  5 wargs
  3 acid dragons
  22 nagas
  17 hell hounds (Lair:5)
  16 water moccasins
  3 sky beasts
  14 orc warriors
  2 ice beasts
  17 black bears
  13 wolves (Lair:5)
  2 centaurs
  9 ogres
  5 bullfrogs
  4 scorpions
  3 wights (D:9)
  Dowan (D:7)
  33 killer bees
  3 howler monkeys
  3 electric eels
  3 lava snakes (Lair:2)
  9 orc priests
  4 hounds
  2 jellies
  A gnoll bouda (D:8)
  3 iguanas
  24 orc wizards
  A sleepcap (D:6)
  10 adders
  4 gnolls (D:8)
  A white imp (D:6)
  3 dart slugs
  A worm (D:2)
  35 orcs
  10 ball pythons
  3 bats
  11 endoplasms
  6 giant cockroaches
  8 goblins
  11 hobgoblins
  6 jackals
  4 quokkas
  14 kobolds
  8 rats
700 creatures vanquished.

Vanquished Creatures (others)
  A bush (Lair:2)
  28 fungi
  68 plants
97 creatures vanquished.

Grand Total: 797 creatures vanquished

Notes
Turn   | Place    | Note
-------+----------+-------------------------------------------
     0 | D:1      | naiii the Spriggan Enchanter began the quest for the Orb.
     0 | D:1      | Reached XP level 1. HP: 9/9 MP: 5/5
   200 | D:1      | Reached XP level 2. HP: 11/13 MP: 6/6
   418 | D:1      | Found a faded altar of an unknown god.
   468 | D:1      | Reached skill level 5 in Stealth
   979 | D:1      | Reached XP level 3. HP: 16/16 MP: 8/8
  1988 | D:3      | Reached XP level 4. HP: 21/21 MP: 9/9
  2231 | D:3      | Reached skill level 6 in Stealth
  2593 | D:4      | Noticed a black bear
  2664 | D:4      | Reached XP level 5. HP: 24/24 MP: 10/10
  2831 | D:3      | HP: 1/24 [orc wizard/magic dart (9)]
  3287 | D:4      | Noticed a centaur
  3292 | D:4      | Killed a centaur
  3293 | D:4      | Reached skill level 5 in Dodging
  3293 | D:4      | Reached skill level 7 in Stealth
  3293 | D:4      | Reached XP level 6. HP: 28/28 MP: 11/11
  3387 | D:4      | Found a runed translucent door.
  3388 | D:4      | Noticed Crazy Yiuf
  3536 | D:5      | Entered Level 5 of the Dungeon
  3536 | D:5      | Noticed Prince Ribbit
  3536 | D:5      | Found a staircase to the Ecumenical Temple.
  3546 | D:5      | Identified the +1 leather armour of Mofo {Contam Harm rCorr
                  | SInv}
  3897 | D:5      | Noticed an ice beast
  3931 | D:6      | Reached skill level 8 in Stealth
  3931 | D:6      | Reached XP level 7. HP: 32/32 MP: 12/12
  4038 | D:6      | Reached skill level 5 in Short Blades
  4858 | D:5      | Reached skill level 9 in Stealth
  4995 | D:5      | Reached XP level 8. HP: 13/36 MP: 13/13
  5289 | D:6      | Reached skill level 10 in Stealth
  5409 | D:6      | Noticed Menkaure
  6511 | D:7      | Noticed Dowan
  6524 | D:7      | Killed Dowan
  6524 | D:7      | Noticed Duvessa
  6629 | D:6      | Reached skill level 11 in Stealth
  7306 | D:7      | Found a snail-covered altar of Cheibriados.
  7528 | D:7      | Reached XP level 9. HP: 13/39 MP: 14/14
  7642 | D:7      | Found a basalt altar of Yredelemnul.
  7751 | D:7      | Found a white marble altar of Elyvilon.
  8028 | D:8      | Found a hide-covered altar of Uskayaw.
  8069 | D:8      | Found an ancient bone altar of Kikubaaqudgha.
  8338 | D:8      | Found a transporter.
  8341 | D:8      | Noticed a moth of wrath
  8341 | D:8      | Noticed Vic's ghost (novice MiFi)
  8355 | D:8      | Found a transporter.
  8478 | D:8      | Reached skill level 12 in Stealth
  8820 | D:8      | Reached skill level 10 in Dodging
 10136 | D:9      | Noticed Maggie
 10170 | D:9      | Killed Maggie
 10175 | D:9      | Reached skill level 13 in Stealth
 10271 | D:9      | Noticed a troll
 10989 | D:10     | Entered Level 10 of the Dungeon
 11197 | D:10     | Reached XP level 10. HP: 29/44 MP: 15/15
 11362 | D:10     | Noticed a sixfirhy
 11715 | D:10     | Found a shadowy altar of Dithmenos.
 11735 | D:10     | Became a worshipper of Dithmenos the Shadowed
 11764 | D:10     | Found a shimmering blue altar of Sif Muna.
 12381 | D:10     | Found a staircase to the Orcish Mines.
 12438 | D:10     | Reached skill level 14 in Stealth
 12965 | D:10     | Reached skill level 10 in Short Blades
 14225 | D:11     | Found a staircase to the Lair.
 14530 | D:11     | Noticed a red ugly thing
 14670 | D:11     | Reached skill level 15 in Stealth
 14711 | D:11     | Found Rayfaada's Jewellery Boutique.
 14752 | D:11     | Found an ornate altar of the Wu Jian Council.
 15301 | D:10     | HP: 1/44 [red ugly thing (19)]
 15507 | D:11     | Reached * piety under Dithmenos
 15846 | D:12     | Reached XP level 11. HP: 25/47 MP: 16/16
 16151 | Lair:1   | Entered Level 1 of the Lair of Beasts
 16151 | Lair:1   | Found a dark tunnel.
 16158 | Lair:1   | Noticed Joseph
 16293 | Lair:1   | Killed Joseph
 16868 | Lair:1   | Reached skill level 16 in Stealth
 17220 | Lair:1   | Noticed Erica
 17243 | Lair:1   | Killed Erica
 17244 | Lair:1   | Reached skill level 1 in Fighting
 17787 | Lair:2   | Noticed a death yak
 17787 | Lair:2   | Noticed a death yak
 17787 | Lair:2   | Noticed a death yak
 17787 | Lair:2   | Noticed a death yak
 17787 | Lair:2   | Noticed a death yak
 17789 | Lair:2   | Noticed a death yak
 17816 | Lair:1   | Killed a death yak
 18002 | Lair:2   | Found a white marble altar of Elyvilon.
 18005 | Lair:2   | Noticed an oklob plant
 18016 | Lair:2   | Killed an oklob plant
 18044 | Lair:2   | Reached skill level 17 in Stealth
 18115 | Lair:2   | Noticed an eight-headed hydra
 18123 | Lair:2   | Killed an eight-headed hydra
 18386 | Lair:1   | Killed a death yak
 18657 | Lair:2   | HP: 1/52 [death yak (18)]
 18898 | Lair:2   | Reached XP level 12. HP: 56/56 MP: 17/17
 19407 | Lair:2   | Killed a death yak
 19529 | Lair:2   | Reached skill level 15 in Dodging
 19609 | Lair:2   | Reached skill level 18 in Stealth
 19618 | Lair:2   | Reached ** piety under Dithmenos
 19840 | Lair:2   | Found a staircase to the Snake Pit.
 20465 | Lair:3   | Reached skill level 5 in Fighting
 20744 | Lair:3   | Noticed a four-headed hydra
 20752 | Lair:3   | Killed a four-headed hydra
 20932 | Lair:2   | Reached skill level 19 in Stealth
 21031 | Lair:2   | Reached *** piety under Dithmenos
 21829 | Lair:3   | Found a staircase to the Shoals.
 22093 | Lair:4   | Noticed an eight-headed hydra
 22100 | Lair:4   | Killed an eight-headed hydra
 22101 | Lair:4   | Reached XP level 13. HP: 65/65 MP: 18/18
 22370 | Lair:4   | Identified the +8 mace of the Inviting Traitor {pain, rElec
                  | rC+ Dex-2}
 22898 | Lair:5   | Entered Level 5 of the Lair of Beasts
 22899 | Lair:5   | Found a viscous altar of Jiyva.
 22945 | Lair:5   | Found a staircase to the Slime Pits.
 23066 | Lair:5   | Reached skill level 20 in Stealth
 23270 | Lair:5   | Reached **** piety under Dithmenos
 24385 | Lair:5   | Reached ***** piety under Dithmenos
 24408 | Lair:5   | Identified the amulet "Efoah" {Acrobat Rampage +Blink rCorr
                  | Stlth-}
 25447 | Lair:5   | Reached skill level 21 in Stealth
 27275 | Lair:5   | Reached XP level 14. HP: 73/73 MP: 19/19
 28428 | D:8      | Killed Vic's ghost
 28429 | D:8      | Reached skill level 1 in Invocations
 28725 | Orc:1    | Entered Level 1 of the Orcish Mines
 28853 | Orc:2    | Entered Level 2 of the Orcish Mines
 28855 | Orc:2    | Found Homikow's Antique Weapon Shoppe.
 29079 | Orc:2    | Found a staircase to the Elven Halls.
 29177 | Orc:2    | Found Himipuss's General Store.
 29293 | Orc:2    | Noticed an orc warlord
 29294 | Orc:2    | Found Haot's Book Boutique.
 29892 | D:12     | Reached skill level 22 in Stealth
 30164 | D:12     | Identified the +1 cloak "Hyrrypte" {rPois Dex-2 Stlth+}
 30724 | D:13     | Noticed Lodul
 30729 | D:13     | Killed Lodul
 30737 | D:13     | Reached ****** piety under Dithmenos
 30904 | D:13     | Noticed Erolcha
 30911 | D:13     | Killed Erolcha
 30920 | D:13     | Found a gate to the Vaults.
 31186 | D:13     | Noticed Urug
 31210 | D:13     | Killed Urug
 31873 | D:14     | Noticed an orc warlord
 31876 | D:14     | Noticed Termiter's ghost (journeyman DsNe)
 31878 | D:14     | Found a bloodstained altar of Trog.
 31888 | D:14     | Found a transporter.
 31900 | D:14     | Found a transporter.
 31907 | D:14     | Reached skill level 5 in Invocations
 32079 | D:15     | Entered Level 15 of the Dungeon
 32135 | D:15     | Noticed Nessos
 32142 | D:15     | Killed Nessos
 32190 | D:15     | Reached XP level 15. HP: 63/80 MP: 20/20
 32563 | D:15     | Found a shimmering blue altar of Sif Muna.
 32563 | D:15     | Noticed Rupert
 32571 | D:15     | Killed Rupert
 32632 | D:15     | Reached skill level 23 in Stealth
 32886 | D:15     | Found a staircase to the Depths.
 33150 | D:15     | Noticed Louise
 33155 | D:15     | Killed Louise
 33387 | D:15     | Reached skill level 10 in Fighting
 33479 | Depths:1 | Entered Level 1 of the Depths
 33490 | Depths:1 | Noticed a frost giant
 33493 | Depths:1 | Killed a frost giant
 34356 | Snake:1  | Entered Level 1 of the Snake Pit
 34401 | Snake:1  | Found a transporter.
 34402 | Snake:1  | Found a transporter.
 34404 | Snake:1  | Found a transporter.
 34404 | Snake:1  | Found a transporter.
 34488 | Snake:1  | Found a transporter.
 34489 | Snake:1  | Found a transporter.
 35146 | Snake:2  | Noticed Aizul
 35402 | Snake:2  | Killed Aizul
 35588 | Snake:2  | Noticed Vashnia
 36131 | Snake:2  | Found Pijal's Magic Scroll Emporium.
 36131 | Snake:2  | Found Teuwyet's Distillery.
 36138 | Snake:2  | Reached skill level 24 in Stealth
 36140 | Snake:2  | Bought 2 potions of heal wounds for 120 gold pieces
 36140 | Snake:2  | Bought a potion of curing for 36 gold pieces
 36146 | Snake:2  | Bought 2 scrolls of acquirement for 1352 gold pieces
 36146 | Snake:2  | Acquired +1 storm dragon scales
 36204 | Snake:2  | Acquired the +6 quick blade "Jyent" {freeze, rN++ Str-2}
 36575 | Snake:2  | Found Beotesoi's Specific Store.
 36577 | Snake:2  | Found Tipran's General Store.
 36585 | Snake:2  | Bought a potion of curing for 36 gold pieces
 37450 | Snake:2  | Bought a scroll of teleportation for 39 gold pieces
 37450 | Snake:2  | Bought a scroll of magic mapping for 97 gold pieces
 37450 | Snake:2  | Bought a scroll of magic mapping for 97 gold pieces
 37456 | Snake:2  | Bought a potion of flight for 36 gold pieces
 37472 | Snake:2  | Reached XP level 16. HP: 84/86 MP: 22/22
 39871 | Snake:4  | Entered Level 4 of the Snake Pit
 40689 | Snake:4  | Killed from afar by a shock serpent

Illustrated notes

Levels and vault maps discovered:
D:1:      amcnicky_arrival_abandoned_market, layout_basic,
          ebering_ecumenical_altar_hall
D:2:      layout_basic, kennysheep_generic_room_3
D:3:      layout_rooms, amethyst_killhole
D:4:      minmay_angry_zag, layout_cave_pools, uniq_crazy_yiuf_cottage
D:5:      layout_basic, minmay_temple_entry_grid, nicolae_sextant,
          amcnicky_mini_pool_medium, uniq_prince_ribbit1
D:6:      minmay_flawed_box, layout_basic, portal_sewer_entry_e, corexii_shack,
          chequers_garden, uniq_menkaure
D:7:      layout_loops_ring, lemuel_crystal_altar, kennysheep_ying_yang,
          uniq_duvessa
D:8:      layout_rooms, nicolae_overflow_crystal_walls, lemuel_tele_altar,
          gammafunk_ghost_berserking_beasts, interstate_on_off
D:9:      layout_rooms, grunt_ministairs_5, statue_in_the_mist_lemuel,
          kennysheep_minor_cross, minivault_11, uniq_maggie
D:10:     layout_irregular_city, lemuel_crystal_altar,
          mainiacjoe_overflow_brackets, orc_0_dummy
D:11:     layout_big_octagon, lair_entry_dummy, serial_shops,
          nicolae_shop_gaudy_bauble, nzn_wu_jian_contemplation
D:12:     layout_rooms
D:13:     layout_loops_ring, david_vaults_2, uniq_lodul, uniq_urug, uniq_erolcha
D:14:     layout_loops_ring, gammafunk_ghost_wrathful_warriors, nicolae_titane
D:15:     hangedman_depths_entry_try_elsewhere_first, layout_irregular_city,
          nicolae_sif_muna_condensation, uniq_rupert, uniq_louise, uniq_nessos
Lair:1:   layout_misc_corridors, enter_volcano_1, lemuel_fruit_fields,
          uniq_erica, uniq_joseph
Lair:2:   layout_cave_pods, nicolae_snake_entry_warm_welcome, special_room
          [special_room_bee], lemuel_oklob_altar
Lair:3:   layout_regular_city, minmay_shoals_entry_beasts, serial_bayou_ford_a
Lair:4:   layout_regular_city, serial_bayou_crossing, serial_bayou_shore_a
Lair:5:   hangedman_lair_caniforms_friends, layout_concentric_octagons,
          nicolae_slime_entry_slimehenge, cheibrodos_lair_lostbears
Snake:1:  layout_rooms, serial_nicolae_subway, nicolae_sub_station_metal,
          nicolae_sub_station_crystal, nicolae_sub_station_stone
Snake:2:  nicolae_snake_unarmed_stairs_patrol, layout_chambers,
          nicolae_specific_store, minmay_shoptagon, uniq_aizul, uniq_vashnia
Snake:3:  layout_onion_interference, grunt_megastairs_2
Snake:4:  johnstein_snake_rune_scales, layout_onion, nicolae_triple_integral
Orc:1:    layout_caves, serial_shops, nicolae_shop_rolled_up
Orc:2:    grunt_orc_gardens, layout_caves, grunt_orc_garden, grunt_orc_garden,
          grunt_orc_garden, grunt_orc_garden, minmay_orc_keep
Depths:1: layout_cave_shapes, hell_entry, abyss_entry_flame_altar,
          nicolae_ru_awakened_eye, grunt_ministairs_4,
          kennysheep_big_empty_room, st_stairs_4, hellmonk_scarab_ruin,
          uniq_asterion

Skill      XL: |  1  2  3  4  5  6  7  8  9 10 11 12 13 14 15 16 |
---------------+-------------------------------------------------+-----
Dodging        | 3 4 5 6 7 9 11 12 14 16 18 19 20 | 20.0
Stealth        | 5 6 7 8 9 11 13 15 17 19 21 22 24 | 24.9
Short Blades   | 2 3 4 5 7 9 10 12 13 | 13.6
Fighting       | 3 6 8 9 10 11 | 11.5
Invocations    | 5 7 9 |  9.2
Spellcasting   | |  2.6
Hexes          | |  3.6

Action                     |  1- 3 |  4- 6 |  7- 9 | 10-12 | 13-15 | 16-18 || total
---------------------------+-------+-------+-------+-------+-------+-------++-------
  Melee: Dagger            |   214 |   284 |  1241 |  3050 |  2250 |   331 ||  7370
         Punch             |       |     2 |    19 |    54 |    35 |     2 ||   112
    Use: Scroll            |     3 |     8 |     7 |    10 |     9 |     1 ||    38
         Potion            |       |       |     5 |     7 |    10 |     3 ||    25
   Stab: Sleeping          |    14 |    12 |    11 |    17 |   103 |    43 ||   200
         Distracted        |     1 |       |     2 |     2 |    14 |     6 ||    25
         Invisible         |       |       |     3 |       |       |       ||     3
 Armour: Robe              |    13 |     5 |    25 |       |       |       ||    43
         Steam dragon scal |       |       |     7 |    95 |    67 |     7 ||   176
  Dodge: Dodged            |   147 |   224 |   818 |  2080 |  2018 |   256 ||  5543
  Block: Other             |     1 |    57 |   160 |   409 |   376 |    41 ||  1044
         Reflection        |       |     2 |     3 |     1 |     2 |     5 ||    13
